 Seeded DCSS version 0.32-a0-913-g739538afd8 (webtiles) character file.

Game seed: 17073724502869601980 (custom seed)

5317 timneilson the Thaumaturge (level 10, -5/56 HPs)
             Began as a Deep Elf Conjurer on Apr 9, 2024.
             Was an Initiate of Gozag.
             Shot with an arrow by a centaur warrior (26 damage)
             ... on level 9 of the Dungeon.
             The game lasted 00:36:08 (10774 turns).

timneilson the Thaumaturge (Deep Elf Conjurer)     Turns: 10774, Time: 00:36:09

Health: -5/56      AC:  5    Str:  4    XL:     10   Next: 38%
Magic:  19/24      EV: 14    Int: 34    God:    Gozag
Gold:   1518       SH:  5    Dex: 12    Spells: 15/26 levels left

rFire   . . .        d - +0 dagger (freeze)
rCold   x . .        (no shield)
rNeg    + + .        a - +1 robe
rPois   +            n - +2 hat
rElec   +            (no cloak)
rCorr   .            (no gloves)
SInv    .            (no boots)
Will    ++++.        u - amulet of Ephemeral Luck {Reflect rPois rF- rN++ Dex+3 Slay+3 SH+5}
Stlth   +++          e - ring of Accord {rElec rF+ rC- Will+++ Dex-4}
HPRegen 0.29/turn    F - +6 ring of intelligence
MPRegen 0.19/turn

%: reflection
@: gold aura
A: no striking features
a: Renounce Religion, Potion Petition, Call Merchant, Bribe Branch


You were on level 9 of the Dungeon.
You worshipped Gozag.
Gozag was most pleased with you.
You visited 2 branches of the dungeon, and saw 10 of its levels.

You collected 2409 gold pieces.
You spent 826 gold pieces at shops.
You paid 65 gold pieces to Gozag.

Inventory:

Hand Weapons
 d - a +0 dagger of freezing (weapon)
Missiles
 s - a curare-tipped dart
 t - 16 poisoned darts
 E - 3 throwing nets
Armour
 a - a +1 robe (worn)
 n - a +2 hat (worn)
 C - a +0 buckler
Jewellery
 e - the ring of Accord (left hand) {rElec rF+ rC- Will+++ Dex-4}
   (You acquired it on level 1 of the Dungeon)

   [ring of protection from fire]

   Dex-4:     It affects your dexterity (-4).
   rF+:       It protects you from fire.
   rC-:       It makes you vulnerable to cold.
   rElec:     It insulates you from electricity.
   Will+++:   It greatly increases your willpower.
 j - a ring of resist corrosion
 l - a ring of see invisible
 u - the amulet of Ephemeral Luck (around neck) {Reflect rPois rF- rN++ Dex+3 Slay+3 SH+5}
   (You bought it in a shop on level 8 of the Dungeon)

   [amulet of reflection]

   Reflect:   It reflects blocked missile attacks.
   Dex+3:     It affects your dexterity (+3).
   Slay+3:    It affects your accuracy & damage with ranged weapons and melee
   (+3).
   rF-:       It makes you vulnerable to fire.
   rPois:     It protects you from poison.
   rN++:      It greatly protects you from negative energy.
   SH+5:      It affects your SH (+5).
 y - a ring of magical power
 F - a +6 ring of intelligence (right hand)
Wands
 k - a wand of roots (21)
 v - a wand of flame (17)
 D - a wand of quicksilver (10)
 G - a wand of mindburst (8)
 H - a wand of charming (4)
Scrolls
 p - 2 scrolls of fear
 r - 2 scrolls of amnesia
 z - a scroll of teleportation
 A - a scroll of summoning {unknown}
Potions
 b - 2 potions of magic
 c - 2 potions of lignification
 f - a potion of mutation {unknown}
 g - 3 potions of haste {unknown}
 h - 2 potions of ambrosia
 i - 4 potions of curing {unknown}
 m - 2 potions of might
 o - 2 potions of berserk rage {unknown}
 q - a potion of degeneration {unknown}
 w - 2 potions of attraction
 x - a potion of enlightenment {unknown}
 B - a potion of heal wounds {unknown}


   Skills:
 + Level 3.7 Fighting
 + Level 3.6 Armour
 * Level 7.9 Dodging
 + Level 6.3 Stealth
 + Level 0.5 Shields
 * Level 8.8 Spellcasting
 * Level 8.1 Conjurations
 + Level 4.7 Translocations
 + Level 4.2 Alchemy
 + Level 4.5 Evocations


You had 15 spell levels left.
You knew the following spells:

 Your Spells              Type           Power      Damage    Failure   Level
a - Magic Dart            Conj           100%       1d8       1%          1
b - Searing Ray           Conj           100%       2d8       1%          2
c - Fulminant Prism       Conj/Alch      27%        3d14      2%          4
d - Iskenderun's Mystic   Conj/Tloc      56%        2d12      (+2d62%     4

Your spell library contained the following spells:

 Spells                   Type           Power      Damage    Failure   Level
 Sting                    Conj/Alch      100%       1d9       1%          1
 Mercury Vapours          Alch/Air       58%        N/A       1%          2
 Volatile Blastmotes      Fire/Tloc      62%        2d15      3%          3
 Olgreb's Toxic Radiance  Alch           43%        N/A       5%          4
 Summon Ice Beast         Ice/Summ       15%        N/A       9%          3
 Summon Mana Viper        Hex/Summ       15%        N/A       63%         5
 Conjure Ball Lightning   Conj/Air       21%        3x3d6     65%         6
 Monstrous Menagerie      Summ           7%         N/A       100%        7
 Discord                  Hex            7%         N/A       100%        8
 Disjunction              Tloc           23%        N/A       100%        8


Dungeon Overview and Level Annotations

Branches:
Dungeon (9/15)             Temple (1/1) D:5            Lair (0/5) D:9
    Orc: D:9-12

Altars:
Ashenzari
Cheibriados
Dithmenos
Elyvilon
Fedhas
Gozag
Hepliaklqana
Kikubaaqudgha
Makhleb
Nemelex Xobeh
Okawaru
Qazlal
Ru
Sif Muna
Trog
Uskayaw
Vehumet
Wu Jian
Xom
Yredelemnul
Zin
The Shining One

Shops:
D:8 =


Message History

Aim: a howler monkey (100% to hit)
The magic dart hits the howler monkey.
The howler monkey is lightly wounded.
The howler monkey hoots and howls with incredible vigour!
A centaur warrior comes into view.
You hear an angry hiss.
You hear a shout! x2
You see here a +0 short sword.
Aiming: Magic Dart (safe; 1% risk of failure)
Press: ? - help, Q - select action, (/) - cycle Shift-Dir - straight line, f/p - howler monkey
Aim: a howler monkey (lightly wounded, catching its breath, 100% to hit)
The magic dart hits the howler monkey but does no damage.
The howler monkey is lightly wounded.
Unknown command.
Casting: Magic Dart (safe; 1% risk of failure)
Confirm with . or Enter, or press ? or * to list all spells.
Aiming: Searing Ray (safe; 1% risk of failure)
Press: ? - help, Shift-Dir - straight line, f/p - howler monkey
Aim: a howler monkey (lightly wounded, 81% to hit)
The searing ray hits the howler monkey.
The howler monkey is moderately wounded. (Press . to maintain the ray.)
The centaur warrior wields a +0 orcbow.
The centaur warrior shoots an arrow.
The arrow hits you!!
The searing ray hits the howler monkey!
The howler monkey is severely wounded.
The centaur warrior shoots an arrow.
You block the arrow with an invisible shield... and reflect it back!
The arrow hits the centaur warrior!
Unknown command.
The searing ray hits the howler monkey.
The howler monkey is almost dead.
The searing ray hits the howler monkey!
You kill the howler monkey!
You finish channelling your searing ray.
The centaur warrior shoots an arrow.
The arrow hits you!!
A wyvern comes into view.
Unknown command.
The centaur warrior shoots an arrow.
The arrow hits you!!
You die...
Your body crumbles into a pile of gold.

c................##......
..k.............#.......
...........#...#.......
........<..####..#.#..
.c......#..#.....#.#..
##'###.......###.#.#..
#$# ######>.......#
#)#############.###
#.c.@....(........#
###############.#.# #.#.#
#.#.# #.#.# #.#.# #.#.#
#.#.# #.#.#


You could see a centaur warrior.

Vanquished Creatures
  A two-headed ogre (D:9)
  Joseph (D:8)
  5 yaks (D:8)
  3 water moccasins
  3 orc warriors
  A black bear (D:6)
  An ogre (D:6)
  3 centaurs
  2 phantoms
  A kobold brigand (D:8)
  2 scorpions (D:5)
  3 bullfrogs
  3 gnoll sergeants
  8 wights
  3 killer bees (D:7)
  4 howler monkeys
  4 hounds
  9 orc priests
  2 gnoll boudas
  2 sleepcaps
  3 iguanas
  8 orc wizards
  24 gnolls
  11 adders
  A shadow imp (D:8)
  A white imp (D:7)
  2 ufetubi (D:6)
  3 dart slugs
  42 orcs
  8 endoplasms
  5 giant cockroaches
  6 goblins
  8 hobgoblins
  11 jackals
  4 quokkas
  3 ball pythons
  11 bats
  7 frilled lizards
  16 kobolds
  5 rats
240 creatures vanquished.

Vanquished Creatures (others)
  5 fulminant prisms
5 creatures vanquished.

Grand Total: 245 creatures vanquished

Notes
Turn   | Place    | Note
-------+----------+-------------------------------------------
     0 | D:1      | timneilson the Deep Elf Conjurer began the quest for the
                  | Orb.
     0 | D:1      | Reached XP level 1. HP: 10/10 MP: 6/6
   334 | D:1      | Identified a scroll of acquirement
   334 | D:1      | Acquired the ring of Accord {rElec rF+ rC- Will+++ Dex-4}
   462 | D:1      | Reached XP level 2. HP: 15/15 MP: 5/8
   901 | D:2      | Learned a level 2 spell: Searing Ray
  1217 | D:3      | Reached XP level 3. HP: 20/20 MP: 8/10
  1408 | D:4      | Acquired 749 gold pieces
  1421 | D:5      | Entered Level 5 of the Dungeon
  1428 | D:5      | Found a staircase to the Ecumenical Temple.
  1436 | Temple   | Entered the Ecumenical Temple
  1455 | Temple   | Became a worshipper of Gozag Ym Sagoz the Greedy
  1956 | D:2      | Reached XP level 4. HP: 24/24 MP: 9/12
  2254 | D:2      | Learned a level 4 spell: Fulminant Prism
  2259 | D:2      | Learned a level 4 spell: Iskenderun's Mystic Blast
  2772 | D:3      | Found a radiant altar of Vehumet.
  2932 | D:3      | Found a faded altar of an unknown god.
  2941 | D:3      | Reached skill level 1 in Fighting
  3473 | D:4      | Reached XP level 5. HP: 29/29 MP: 10/13
  3567 | D:4      | Reached skill level 5 in Conjurations
  3569 | D:4      | Reached skill level 1 in Armour
  3571 | D:4      | Reached skill level 1 in Evocations
  4015 | D:4      | Reached skill level 1 in Translocations
  4493 | D:5      | Noticed a phantom
  4503 | D:4      | Killed a phantom
  4504 | D:4      | Reached skill level 1 in Alchemy
  4504 | D:4      | Reached XP level 6. HP: 25/34 MP: 3/15
  4665 | D:5      | Noticed a water moccasin
  4674 | D:5      | Killed a water moccasin
  4675 | D:5      | Reached skill level 5 in Spellcasting
  4675 | D:5      | Reached XP level 7. HP: 30/38 MP: 0/16
  5632 | D:6      | Reached skill level 5 in Dodging
  5982 | D:6      | Reached XP level 8. HP: 35/44 MP: 9/18
  7023 | D:7      | Found an iron altar of Okawaru.
  7107 | D:7      | Found a shimmering blue altar of Sif Muna.
  7282 | D:7      | Found a broken altar of Ashenzari.
  7930 | D:7      | Reached skill level 5 in Stealth
  7938 | D:7      | Reached XP level 9. HP: 37/49 MP: 15/21
  9103 | D:8      | Found Idowidgh's Jewellery Emporium.
  9106 | D:8      | Bought the amulet of Ephemeral Luck {Reflect rPois rF- rN++
                  | Dex+3 Slay+3 SH+5} for 826 gold pieces
  9403 | D:8      | Identified the +5 long sword of Fear {distort, rC+}
  9512 | D:8      | Noticed Joseph
  9526 | D:8      | Killed Joseph
  9527 | D:8      | Reached XP level 10. HP: 28/56 MP: 24/24
  9823 | D:8      | Found a stormy altar of Qazlal.
  9823 | D:8      | Found a bloodstained altar of Trog.
  9825 | D:8      | Found an ornate altar of the Wu Jian Council.
 10466 | D:9      | Found a staircase to the Lair.
 10554 | D:9      | Noticed a two-headed ogre
 10560 | D:9      | Killed a two-headed ogre
 10763 | D:9      | Noticed a centaur warrior
 10774 | D:9      | Shot with an arrow by a centaur warrior

Illustrated notes

Levels and vault maps discovered:
D:1:      lightli_arrival_windingriver, layout_loops_ring
D:2:      layout_basic, dk_noncrumbling_3
D:3:      layout_loops_corners, mainiacjoe_overflow_boulevard,
          shapermc_ecumenical_altar_gd, minmay_misc_feat_alley, st_stairs_8
D:4:      layout_gridville, lemuel_flame_loot_1
D:5:      layout_basic, minmay_temple_entry_stoned_glass
D:6:      layout_basic, grunt_decor_mini_mirrors
D:7:      layout_loops_cross, mainiacjoe_overflow_six_doors_small,
          lemuel_round_altar, lemuel_blue_sif_altar
D:8:      layout_cave_pools, gammafunk_temple_overflow_claw, serial_shops, shop,
          hangedman_abyss_or_decor_passed, fungi_pond_lemuel, uniq_joseph
D:9:      layout_basic, dpeg_oklobed_lair, minmay_ruined_shrine
Temple:   nicolae_temple_superstar

Skill      XL: |  1  2  3  4  5  6  7  8  9 10 |
---------------+-------------------------------+-----
Dodging        | 3 4 5 6 7 |  7.9
Spellcasting   | 4 5 7 8 |  8.8
Stealth        | 3 4 5 6 |  6.3
Fighting       | 1 2 3 |  3.7
Conjurations   | 5 6 7 8 |  8.1
Armour         | 1 2 3 |  3.6
Evocations     | 1 2 3 4 |  4.5
Translocations | 1 2 3 4 |  4.7
Alchemy        | 1 2 3 4 |  4.2
Shields        | |  0.5

Action                     |  1- 3 |  4- 6 |  7- 9 | 10-12 || total
---------------------------+-------+-------+-------+-------++-------
  Melee: Dagger            |     2 |       |     7 |       ||     9
  Throw: Dart              |       |       |     2 |       ||     2
   Cast: Magic Dart        |    81 |    82 |   129 |    41 ||   333
         Searing Ray       |     2 |    15 |    68 |    10 ||    95
         Fulminant Prism   |       |       |     2 |     3 ||     5
         Iskenderun's Myst |       |       |     8 |     4 ||    12
    Use: Scroll            |     5 |     4 |     6 |     1 ||    16
   Stab: Sleeping          |     1 |       |     1 |       ||     2
 Armour: Robe              |     2 |    16 |    71 |    20 ||   109
  Dodge: Dodged            |    13 |    11 |    57 |    14 ||    95
  Block: Other             |       |       |     2 |    11 ||    13
         Reflection        |       |       |       |     5 ||     5

Table legend: (Time is in decaauts)
 A = Elapsed time spent in this place.
 B = Non-inter-level travel time spent in this place.
 C = Inter-level travel time spent in this place.
 D = Time resting spent in this place.
 E = Time spent auto-exploring this place.
 F = Levels seen in this place.
 G = Mean time per level.
                   A        B        C        D        E       F      G
               +--------+--------+--------+--------+--------+-----+--------+
         Total |  10782 |  10439 |    343 |   1974 |   5993 |  10 | 1078.2 |
       Dungeon |  10743 |  10418 |    325 |   1974 |   5993 |   9 | 1193.7 |
        Temple |     38 |     20 |     18 |      0 |      0 |   1 |   38.0 |
               +--------+--------+--------+--------+--------+-----+--------+

Top non-repeatable levels by time:
     D:6: 1556 daAuts
     D:7: 1521 daAuts
     D:8: 1424 daAuts
     D:4: 1264 daAuts
     D:3: 1235 daAuts
     D:2: 1206 daAuts
     D:5: 1002 daAuts
     D:1: 865 daAuts
     D:9: 667 daAuts
  Temple: 38 daAuts
